 Dungeon Crawl Stone Soup version 0.19.5 (webtiles) character file.

251 RaHiT the Magician (level 5, -5/35 HPs)
             Began as a Mummy Conjurer on May 6, 2017.
             Killed by divine providence
             ... invoked by an orc priest
              (16 damage)
             ... on level 3 of the Dungeon.
             The game lasted 00:17:31 (4986 turns).

RaHiT the Magician (Mummy Conjurer)                 Turns: 4986, Time: 00:17:34

Health: -5/35      AC:  2    Str: 11    XL:     5   Next: 88%
Magic:  7/12       EV: 12    Int: 15    God:
Gold:   121        SH:  0    Dex: 13    Spells: 2 memorised, 11 levels left

rFire  x . .     SeeInvis .     n - +0 blowgun
rCold  + . .     Gourm    .     a - +0 robe
rNeg   + + +     Faith    .     (no shield)
rPois  ∞         Spirit   .     (no helmet)
rElec  .         Reflect  .     (no cloak)
rCorr  +         Harm     .     (no gloves)
MR     .....                    (no boots)
Stlth  ++........               (no amulet)
                                (no ring)
                                k - ring of resist corrosion

@: no status effects
A: no food or potions, fire vulnerability, cold resistance 1, negative energy
resistance 3, torment resistance, unbreathing
a: no special abilities


You were on level 3 of the Dungeon.
You were not hungry.

You visited 1 branch of the dungeon, and saw 4 of its levels.

You collected 121 gold pieces.

Inventory:

Hand Weapons
 n - a +0 blowgun (weapon)
Missiles
 c - 123 stones
 l - a poisoned needle (quivered)
 m - 18 sling bullets
Armour
 a - a +0 robe (worn)
 f - a +0 shield
Jewellery
 k - a ring of resist corrosion (left hand)
Wands
 i - a wand of disintegration (18/24)
 j - a wand of confusion (17/48)
Scrolls
 d - a scroll of immolation {unknown}
 e - a scroll of remove curse {unknown}
 g - 2 scrolls of identify {unknown}
 h - 2 scrolls of amnesia {unknown}
 o - a scroll of noise {unknown}
 p - 3 scrolls of magic mapping {unknown}
Books
 b - a book of Conjurations

   Spells                             Type                      Level
   a - Magic Dart                     Conjuration                  1
   b - Searing Ray                    Conjuration                  2
   c - Dazzling Spray                 Conjuration/Hexes            3
   d - Fulminant Prism                Conjuration/Hexes            4
   e - Iskenderun's Mystic Blast      Conjuration                  4
   f - Iskenderun's Battlesphere      Conjuration/Charms           5


   Skills:
 - Level 1.5 Dodging
 - Level 1.5 Stealth
 - Level 5.0 Spellcasting
 * Level 4.1 Conjurations


You had 11 spell levels left.
You knew the following spells:

 Your Spells              Type           Power        Failure   Level  Hunger
a - Magic Dart            Conj           ###.         3%          1    N/A
q - Searing Ray           Conj           ###...       6%          2    N/A

Dungeon Overview and Level Annotations

Branches:
Dungeon (4/15)
 Temple: D:4-7

Altars:


Innate Abilities, Weirdness & Mutations

You do not eat or drink.
Your flesh is vulnerable to fire.
You are immune to poison.
Your flesh is cold resistant. (rC+)
You are immune to negative energy. (rN+++)
You are immune to unholy pain and torment.
You can survive without breathing.


Message History

The searing ray hits the orc.
The orc is severely wounded. (Press . to maintain the ray.)
The searing ray hits the orc.
You kill the orc!
The orc priest invokes the aid of Beogh against you.
Beogh smites you!
The orc shouts!
You hear a shout!
The searing ray misses the orc.
The searing ray hits the orc priest.
The orc priest is moderately wounded.
The orc hits you with a flail!
* * * LOW HITPOINT WARNING * * *
The searing ray hits the orc.
You kill the orc!
The searing ray hits the orc priest.
The orc priest is severely wounded.
You finish channeling your searing ray.
The orc priest mumbles some strange prayers to Beogh against you.
Beogh smites you!
You die...

#.##
#.........!......##.##....
######
#.!.....###.####o##.###...
.[.†.######....# #.#
#o.(......#
####..#####..#.###)#
#(......... ##..............#
#.........#
#.......##.########.........#
#.............oo............#
#......###o###########.######
##.######.o)@................
#..###...############.######
##.#...### #.# #...### #.#
##### #.# #.# #.######
#....... ########


You could see an orc priest and an orc.

Vanquished Creatures
  A sky beast (D:4)
  Jessica (D:3)
  3 adders
  An ooze (D:3)
  A worm (D:2)
  A dart slug (D:2)
  4 leopard geckos (D:2)
  6 orcs (D:3)
  2 ball pythons (D:2)
  8 bats
  4 giant cockroaches
  10 goblins
  6 hobgoblins
  12 jackals
  13 kobolds
  A quokka (D:3)
  5 frilled lizards
  A leopard gecko skeleton (D:1)
  6 rats
86 creatures vanquished.

Notes
Turn   | Place    | Note
-------+----------+-------------------------------------------
     0 | D:1      | RaHiT the Mummy Conjurer began the quest for the Orb.
     0 | D:1      | Reached XP level 1. HP: 13/13 MP: 3/3
   587 | D:1      | Reached XP level 2. HP: 18/19 MP: 1/5
   591 | D:1      | Learned a level 2 spell: Searing Ray
  1125 | D:1      | Reached skill level 3 in Spellcasting
  1663 | D:1      | Reached XP level 3. HP: 24/24 MP: 2/7
  2616 | D:2      | Reached skill level 4 in Spellcasting
  2736 | D:2      | Reached XP level 4. HP: 21/30 MP: 3/10
  4613 | D:3      | Noticed Jessica
  4627 | D:3      | Killed Jessica
  4627 | D:3      | Reached skill level 5 in Spellcasting
  4627 | D:3      | Reached XP level 5. HP: 33/35 MP: 4/12
  4672 | D:4      | Noticed a sky beast
  4681 | D:4      | Killed a sky beast
  4986 | D:3      | Killed from afar by an orc priest

Skill      XL: |  1  2  3  4  5 |
---------------+----------------+-----
Spellcasting   | 3 4 5 |  5.0
Conjurations   | 4 |  4.1
Dodging        | |  1.5
Stealth        | |  1.5

Action                   |  1- 3 |  4- 6 || total
-------------------------+-------+-------++-------
Melee: Unarmed           |    21 |       ||    21
 Fire: Blowgun           |       |     3 ||     3
Throw: Stone             |       |     3 ||     3
 Cast: Magic Dart        |    66 |    30 ||    96
       Searing Ray       |    14 |    24 ||    38
Armor: Robe              |     5 |    11 ||    16
Dodge: Dodged            |    46 |    32 ||    78
